[Event "15th Deltalift Open 2018"]
[Site "Halmstad"]
[Date "2018.05.12"]
[Round "8"]
[White "Fransson, Patrick"]
[Black "Wahlstrom, Lennart"]
[Result "0-1"]
[ECO "D00"]
[WhiteElo "2129"]
[BlackElo "2200"]
[Annotator "NA"]
[PlyCount "90"]
[EventDate "2018.??.??"]
[EventType "swiss"]
[EventCountry "SWE"]
[SourceTitle "playchess.com"]
[Source "ChessBase"]
[SourceQuality "1"]
[TimeControl "1800+12"]

1. d4 d5 2. Bg5 h6 3. Bf4 c5 4. dxc5 e6 5. c3 Bxc5 6. e3 Nf6 7. Nd2 Nc6 8. Ngf3 O-O 9. h3 Re8 10. Bb5 Bd6 11. Bxd6 Qxd6 12. Qe2 a6 13. Ba4 b5 14. Bc2 e5 15. Rd1 ({Better is} 15. O-O $15) 15... Qc7 16. Nb3 {[%emt 0:00:00] [#]} (16. O-O $15) 16... b4 ({Better is} 16... a5 $1 $17 17. e4 dxe4 18. Bxe4 Be6) 17. cxb4 Nxb4 18. Rc1 {[%emt 0:00:03] [#]} Qb6 $1 19. Bb1 a5 20. Nc5 {[%emt 0:00:46] [#]} Na6 ({Black should try} 20... Ne4 $1 $19 21. Nxe4 (21. Bxe4 dxe4) 21... Ba6 22. Nf6+ Qxf6) 21. Nb3 a4 22. Nbd2 Qxb2 23. O-O Nb4 24. Qd1 Ba6 25. Re1 Nd3 26. Bxd3 Bxd3 27. Ra1 Rec8 28. Nf1 Be4 29. Re2 Bxf3 30. gxf3 Qb4 31. Rc1 d4 32. Ng3 Rxc1 33. Qxc1 d3 34. Rd2 Rd8 35. Kg2 g6 36. e4 Kg7 37. Nf1 Nh5 38. Ne3 Nf4+ 39. Kh2 Rc8 40. Qxc8 Qxd2 41. Ng4 h5 42. Qc5 hxg4 43. Qxe5+ Kh7 44. Kg3 Nh5+ 45. Kh4 Qxf2+ 0-1

[Event "15th Deltalift Open 2018"]
[Site "Halmstad"]
[Date "2018.05.12"]
[Round "8"]
[White "Subramanian, Aditya"]
[Black "Haraldsson, Leif"]
[Result "1-0"]
[ECO "A85"]
[WhiteElo "2123"]
[BlackElo "1941"]
[Annotator "NA"]
[PlyCount "113"]
[EventDate "2018.??.??"]
[EventType "swiss"]
[EventCountry "SWE"]
[SourceTitle "playchess.com"]
[Source "ChessBase"]
[SourceQuality "1"]
[TimeControl "1800+12"]

1. c4 f5 2. d4 Nf6 3. Nc3 g6 4. e3 Bg7 {[%emt 0:00:00] LiveBook: 18 Games} 5. b4 c6 6. Bb2 O-O 7. Nf3 e6 8. c5 d5 9. cxd6 Qxd6 10. Qb3 Re8 11. Be2 Nbd7 12. O-O Nd5 13. b5 Nxc3 14. Bxc3 c5 15. Rad1 Qe7 16. Ne5 Nxe5 17. dxe5 Qg5 18. Qa4 Rf8 19. g3 Qe7 20. Rd6 g5 21. Bf3 f4 22. Qe4 ({Don't take} 22. gxf4 $6 gxf4 23. exf4 Bh6 $16) 22... fxg3 23. hxg3 Rf7 24. Bh5 Rf5 25. Rfd1 Rb8 26. Bg4 Rf8 27. Qc4 b6 28. Bxe6+ Bxe6 29. Rxe6 Qf7 30. Be1 Rbe8 31. Rdd6 Bxe5 32. Rc6 Rxe6 33. Rxe6 Kg7 34. Qg4 Bf6 35. a4 h5 36. Qf5 Qg6 37. Qxg6+ Kxg6 38. a5 Kf5 39. Rc6 Rb8 40. e4+ Kxe4 41. Rxf6 bxa5 42. Ra6 Rxb5 43. Rxa7 Kf3 44. Rf7+ Ke2 45. Re7+ Kd1 {[%emt 0:00:00] [#]} 46. Kf1 $1 Kc2 47. Ra7 Kd3 48. Bxa5 c4 49. Rd7+ Ke4 50. Bd2 Kf3 51. Rf7+ Ke4 52. Ke2 g4 53. Re7+ Kf5 54. Rc7 Re5+ 55. Be3 h4 56. gxh4 $18 Kg6 57. Rc6+ 1-0

[Event "15th Deltalift Open 2018"]
[Site "Halmstad"]
[Date "2018.05.12"]
[Round "8"]
[White "Berggren Torell, Harald"]
[Black "Lindhe, Magnus"]
[Result "0-1"]
[ECO "B35"]
[WhiteElo "2114"]
[BlackElo "2170"]
[Annotator "NA"]
[PlyCount "48"]
[EventDate "2018.??.??"]
[EventType "swiss"]
[EventCountry "SWE"]
[SourceTitle "playchess.com"]
[Source "ChessBase"]
[SourceQuality "1"]
[TimeControl "1800+12"]

1. e4 c5 2. Nf3 Nc6 3. Nc3 g6 4. d4 cxd4 {[%emt 0:00:00] LiveBook: 1737 Games} 5. Nxd4 Bg7 6. Be3 Nf6 7. Bc4 O-O 8. Bb3 Qb6 {[%emt 0:00:00] B35: Sicilian: Accelerated Dragon with 5 Nc3: main line} (8... Re8 9. f3 e6 10. f4 d6 11. Ndb5 Bf8 12. Qf3 a6 13. Nd4 Na5 14. O-O b5 15. f5 exf5 16. exf5 {½-½ (39) Navara,D (2745)-Mamedov,R (2704) Shamkir 2018}) 9. Ne6 Qxe3+ $146 (9... Qa5 $16 10. Nxf8 Nxe4) ({Predecessor:} 9... Qb4 10. a3 Qa5 11. Nxg7 Kxg7 12. Qd2 Ng4 13. O-O-O Nxe3 14. Qxe3 d6 15. h4 Qc5 16. Qd2 Ne5 17. f3 a5 18. h5 Rh8 19. hxg6 hxg6 20. Rxh8 Kxh8 21. Qh6+ Kg8 22. Rh1 {1-0 (22) Mueller,T (1458)-Kneip,J (986) Cuxhaven 2005}) 10. fxe3 dxe6 11. Qf3 a6 12. a4 Nd7 13. h4 h6 14. a5 Nc5 15. O-O Ne5 16. Qf4 Bd7 17. Rfd1 (17. h5 $142) 17... Rac8 {[%emt 0:00:00] [#]} 18. Na4 ({Better is} 18. h5 $1 $16) 18... Bxa4 19. Bxa4 h5 20. c3 Ned3 21. Rxd3 Nxd3 22. Qf1 Nxb2 23. Bd7 Rxc3 $19 24. Rb1 Rc7 0-1

[Event "15th Deltalift Open 2018"]
[Site "Halmstad"]
[Date "2018.05.12"]
[Round "8"]
[White "Holst, Conny"]
[Black "Blomstrom, Lars"]
[Result "1/2-1/2"]
[ECO "E70"]
[WhiteElo "2087"]
[BlackElo "2163"]
[Annotator "NA"]
[PlyCount "100"]
[EventDate "2018.??.??"]
[EventType "swiss"]
[EventCountry "SWE"]
[SourceTitle "playchess.com"]
[Source "ChessBase"]
[SourceQuality "1"]
[TimeControl "1800+12"]

1. d4 Nf6 2. c4 g6 3. Nc3 Bg7 4. e4 d6 5. Nge2 O-O 6. Ng3 e5 7. d5 a5 8. Be2 Na6 9. h4 h5 10. Bg5 Qe8 11. Qd2 Nh7 12. Be3 {[%emt 0:00:00] E70: King's Indian: Miscellaneous lines with 4 e4, including 5 Nge2 and 5 Bd3 0-0 6 Nge2} (12. Bh6 Qe7 13. O-O-O Bd7 14. Bxg7 Kxg7 15. Nf1 Nc5 16. Ne3 f5 17. exf5 gxf5 18. Bxh5 f4 19. Nc2 Bf5 {0-1 (33) Jakab,A (2369)-Toth,E (2431) Hungary 2016}) 12... Qe7 13. O-O-O Bd7 {[%emt 0:00:00] LiveBook: 4 Games} 14. Kb1 b6 $146 ({Predecessor:} 14... Rfd8 15. Rdg1 Nc5 16. Bxh5 gxh5 17. Nxh5 {0-1 (41) Svendsen,M (2100)-Lakat,G (2016) Budapest 2002}) 15. Rdg1 Nc5 16. Bxh5 gxh5 17. Nxh5 f5 $1 18. Nxg7 Kxg7 19. Bh6+ Kh8 20. Bxf8 Rxf8 21. f3 fxe4 22. fxe4 Rf4 23. g3 Nxe4 24. Nxe4 Rxe4 25. Rf1 Rg4 26. Rh2 Qg7 27. Rhf2 Be8 28. c5 bxc5 29. Qxa5 Rxg3 30. Qa8 Qg8 31. Ka1 Bb5 32. Qxg8+ Kxg8 33. Rc1 Rg4 34. b3 Kg7 35. a4 Ba6 36. Rc3 Nf6 37. Rcf3 Nxd5 38. Rf7+ Kh6 39. Rd2 Rd4 40. Rg2 Rf4 41. Rd7 Bc8 42. Rd8 Bg4 43. a5 Ne3 {[%emt 0:00:00] [#]} 44. Rxg4 $1 Rxg4 45. a6 Nd5 ({Not} 45... Rxh4 $2 46. Rh8+ Kg5 47. Rxh4 $18) 46. a7 Rg1+ 47. Kb2 Rg2+ 48. Ka1 Rg1+ 49. Kb2 $11 Rg2+ 50. Ka1 Rg1+ 1/2-1/2

[Event "15th Deltalift Open 2018"]
[Site "Halmstad"]
[Date "2018.05.12"]
[Round "8"]
[White "Mejvik, Jacob"]
[Black "Arman, Deniz"]
[Result "0-1"]
[ECO "A05"]
[WhiteElo "2063"]
[BlackElo "2367"]
[Annotator "ChessBase"]
[PlyCount "140"]
[EventDate "2018.??.??"]
[EventType "swiss"]
[EventCountry "SWE"]
[SourceTitle "playchess.com"]
[Source "ChessBase"]
[SourceQuality "1"]
[TimeControl "1800+12"]

1. Nf3 Nf6 2. c4 g6 3. Nc3 c5 4. d4 cxd4 5. Nxd4 Nc6 6. e4 d6 7. Be2 Bg7 8. Be3 O-O 9. O-O Bd7 10. h3 Nxd4 11. Bxd4 Bc6 12. Qc2 Rc8 13. Rfd1 a6 14. c5 Qa5 15. cxd6 exd6 16. Bf3 Rfe8 17. Qd3 Rcd8 18. Rac1 Qg5 19. b4 Qh4 20. Re1 Re6 21. Kh2 g5 22. g3 Qh6 23. Bg2 Rde8 24. a4 g4 25. h4 Qg6 26. b5 axb5 27. axb5 Bxe4 28. Nxe4 Nxe4 29. Bxe4 Rxe4 30. Rxe4 Qxe4 31. Qxe4 Rxe4 32. Rc8+ Bf8 33. Be3 Kg7 34. Rb8 Re7 35. Bd4+ f6 36. b6 Kf7 37. Bxf6 Re8 38. Rxe8 Kxe8 39. Kg2 Kf7 40. Bd4 Ke6 41. f3 Kf5 42. Kf2 h5 43. Ke2 d5 44. Kf2 Bd6 45. Kg2 Bb4 46. Kf2 Ba5 47. Ke2 Bb4 48. Kf2 gxf3 49. Kxf3 Be1 50. Bb2 Bb4 51. Bd4 Be7 52. Be3 Bd6 53. Bd4 Bb8 54. Bb2 Bd6 55. Bd4 Bf8 56. Be3 Bg7 57. Bc5 Be5 58. Be7 Bd4 59. Bd8 Bg1 60. Kg2 Be3 61. Kf3 Bc5 62. Bc7 d4 63. Ke2 Ke4 64. Kd2 Bb4+ 65. Ke2 d3+ 66. Kd1 Bc3 67. Kc1 Kf3 68. Kd1 Ba5 69. Bb8 Bxb6 70. Kd2 Ke4 0-1

[Event "15th Deltalift Open 2018"]
[Site "Halmstad"]
[Date "2018.05.12"]
[Round "8"]
[White "Hakansson, Stefan"]
[Black "Cramling Bellon, Anna"]
[Result "0-1"]
[ECO "D00"]
[WhiteElo "2010"]
[BlackElo "2153"]
[Annotator "NA"]
[PlyCount "68"]
[EventDate "2018.??.??"]
[EventType "swiss"]
[EventCountry "SWE"]
[SourceTitle "playchess.com"]
[Source "ChessBase"]
[SourceQuality "1"]
[TimeControl "1800+12"]

1. d4 d5 2. Bf4 Nf6 3. e3 c5 4. c3 Nc6 5. Nd2 {[%emt 0:00:00] D00: 1 d4 d5: Unusual lines} cxd4 (5... Bf5 6. Ngf3 e6 7. Be2 Bd6 8. dxc5 Bxc5 9. Nd4 Bg6 10. Qa4 O-O 11. Nxc6 bxc6 12. Qxc6 Rc8 13. Qa4 Re8 14. O-O e5 {0-1 (57) Le,Q (2737)-Ding,L (2777) Riadh 2017}) 6. exd4 Bf5 7. Ngf3 e6 8. Be2 Bd6 9. Bxd6 {[%emt 0:00:00] LiveBook: 4 Games} Qxd6 10. Nh4 Bg6 11. Nxg6 $146 ({Predecessor:} 11. O-O Be4 12. Nxe4 dxe4 13. Qc1 {½-½ (37) Paehtz,E (2464)-Guo,Q (2396) Riadh 2017}) 11... hxg6 12. h3 g5 13. Nf1 Ne4 14. Bf3 f5 15. Bxe4 dxe4 16. Ng3 O-O-O 17. Qe2 Qd5 18. b3 e5 19. Nxf5 exd4 20. Nxd4 Ne5 21. O-O-O Nd3+ $16 22. Rxd3 exd3 23. Qe6+ Qxe6 24. Nxe6 Rd5 25. Nd4 g4 26. Rg1 Rg5 27. f4 gxf3 28. Nxf3 Rg3 29. Kd2 Rf8 30. Rf1 Rxg2+ 31. Kxd3 Rg3 32. Ke4 Rxh3 33. a4 g5 34. Nxg5 Rh4+ 0-1

[Event "15th Deltalift Open 2018"]
[Site "Halmstad"]
[Date "2018.05.12"]
[Round "8"]
[White "Karlsson, Roger"]
[Black "Brzezinski, Adam"]
[Result "0-1"]
[ECO "C01"]
[WhiteElo "1879"]
[BlackElo "2152"]
[Annotator "NA"]
[PlyCount "110"]
[EventDate "2018.??.??"]
[EventType "swiss"]
[EventCountry "SWE"]
[SourceTitle "playchess.com"]
[Source "ChessBase"]
[SourceQuality "1"]
[TimeControl "1800+12"]

1. e4 e6 2. d4 d5 3. exd5 exd5 4. Nc3 Nf6 5. Bd3 Be7 6. Bf4 {[%emt 0:00:00] C01: French: Exchange Variation} O-O 7. Nge2 {[%emt 0:00:00] LiveBook: 5 Games} Re8 (7... Nc6 8. a3 a6 {½-½ (8) Pancevski,F (2494)-Nyzhnyk,I (2622) Chicago 2015}) 8. O-O Nh5 $146 ({Predecessor:} 8... a6 9. Ng3 Nc6 10. Be2 Be6 11. a3 Bf8 12. Qd2 g6 13. Rad1 b5 14. Na2 {0-1 (55) Vibbert,S (2350)-Tan,J (2469) Chicago 2016}) 9. Be5 Nc6 10. Nf4 (10. Nxd5 $5 Qxd5 11. Nc3 $14) 10... Nxf4 11. Bxf4 Be6 12. Ne2 Nb4 13. Bb5 c6 14. Ba4 Bf5 15. a3 Na6 16. Ng3 Bg6 17. c3 Nc7 18. Bc2 Ne6 19. Bd2 Bd6 20. Bxg6 hxg6 21. Qg4 Qd7 22. Rae1 Nf8 23. Qxd7 Nxd7 24. f3 Bxg3 25. hxg3 b5 26. Rxe8+ Rxe8 27. Kf2 Nb6 28. Re1 Rxe1 29. Kxe1 a5 30. Ke2 a4 31. Bc1 f6 32. g4 Kf7 33. g3 Nc4 34. Kd3 Ke6 35. Kc2 g5 $15 36. b3 Na5 37. bxa4 bxa4 38. Kd3 Nc4 39. f4 f5 40. gxf5+ Kxf5 41. fxg5 g6 42. Ke2 Ke4 43. g4 Nd6 44. Kd2 Kf3 45. Kd3 Nc4 46. Kc2 Ke2 47. Bf4 Ne3+ 48. Kb2 Kd3 49. Kc1 Nc4 50. Bc7 Kxc3 51. Be5 Nxa3 52. Bd6 Nb5 53. Bc5 Nxd4 54. Kb1 Ne2 55. Ka1 d4 0-1